AoeStats
← L0rdDmbrngr

Arabia

510850344Analyzed
4v4 RM · 13h ago on Oct 2, 2026· 53m 43s· 8 players
Game mode
Random Map
Map size
Large (8 player)
Population
200
Speed
Normal
Resources
Standard
Victory
Conquest
Starting age
Dark Age
Ending age
Imperial Age
RankedLock teamsTeams togetherTeam positionsShared explorationLock speedFull tech treeHidden civsTurbo modeCheats
Victory
Defeat
🇮🇳 Franks · India
926
+16
🇺🇸 Italians · United States
893
+17
🇨🇴 Celts · Colombia
891
+17
🇬🇷 Franks · Greece
888
+17
🇭🇷 Varangians · Croatia
1002
-21
🇮🇪 Hindustanis · Ireland
935
-18
🇩🇪 Shu · Germany
860
-14
🇮🇪 Japanese · Ireland
855
-14
L0rdDmbrngr
0:41 Loom
10:58 Feudal Age
11:41 Double-Bit Axe
14:22 Horse Collar
19:31 Castle Age
18:47 Stone Mining
19:52 Gold Mining
19:57 Town Watch
23:52 Fletching
40:36 Wheelbarrow
46:53 Scale Barding Armor
47:01 Forging
46:47 Bodkin Arrow
47:50 Bloodlines
49:54 Chain Barding Armor
55:48 Imperial Age
CHIKN9476
1:57 Loom
13:33 Feudal Age
14:07 Town Watch
15:12 Arson
18:31 Wheelbarrow
18:31 Scale Mail Armor
18:42 Forging
22:36 Castle Age
22:14 Horse Collar
22:21 Double-Bit Axe
22:29 Gold Mining
22:31 Stone Mining
24:31 Chain Mail Armor
24:52 Iron Casting
29:16 Squires
aHuRa_zg82
2:21 Loom
11:40 Feudal Age
14:24 Bloodlines
19:43 Scale Barding Armor
22:41 Castle Age
21:33 Double-Bit Axe
22:40 Horse Collar
27:08 Chain Barding Armor
29:49 Husbandry
30:19 Forging
31:39 Heavy Plow
34:30 Gambesons
34:50 Squires
36:20 Iron Casting
36:06 Vendel Legacy
37:13 Gold Mining
37:14 Stone Mining
38:28 Arson
41:31 Imperial Age
40:22 Stone Shaft Mining
41:20 Bow Saw
41:36 Cavalier
43:18 Plate Barding Armor
43:44 Blast Furnace
43:02 Town Watch
43:53 Wheelbarrow
43:27 Elite Varangian Guard
45:42 Conscription
51:24 Scale Mail Armor
52:30 Chain Mail Armor
zyzyx
11:38 Feudal Age
16:17 Castle Age
15:03 Horse Collar
15:13 Double-Bit Axe
19:35 Bow Saw
25:00 Wheelbarrow
24:11 Loom
27:53 Gold Mining
27:54 Stone Mining
30:21 Scale Mail Armor
31:35 Hand Cart
34:07 Imperial Age
31:23 Treadmill Crane
32:05 Ballistics
32:46 Town Watch
34:00 Heavy Plow
34:44 Forging
34:25 Fletching
34:36 Padded Archer Armor
35:28 Conscription
37:14 Elite Skirmisher
Yes_Chef
0:33 Loom
11:53 Feudal Age
16:20 Castle Age
14:04 Horse Collar
15:19 Double-Bit Axe
19:21 Man-at-Arms
28:19 Heavy Plow
36:09 Imperial Age
34:24 Padded Archer Armor
34:14 Fletching
34:04 Pikeman
34:05 Long Swordsman
34:45 Pikeman
36:49 Squires
37:56 Forging
37:47 Scale Mail Armor
37:35 Two-Handed Swordsman
38:43 Champion
47:23 Chain Mail Armor
47:44 Iron Casting
51:46 Wheelbarrow
53:05 Blast Furnace
52:36 Plate Mail Armor
Mr Seymour Guado
4:41 Loom
14:02 Feudal Age
15:24 Double-Bit Axe
18:44 Castle Age
18:17 Stone Mining
24:06 Wheelbarrow
27:07 Forging
27:40 Bow Saw
28:26 Hand Cart
29:03 Scale Mail Armor
30:33 Gold Mining
31:23 Iron Casting
31:35 Chain Mail Armor
37:33 Imperial Age
35:07 Ordonnance Companies
36:39 Gold Shaft Mining
39:39 Conscription
39:23 Chivalry
42:20 Blast Furnace
41:51 Plate Mail Armor
43:17 Elite Throwing Axeman
52:52 Hoardings
54:10 Scale Barding Armor
franvelasco_92
11:32 Feudal Age
9:48 Loom
11:53 Man-at-Arms
14:06 Arson
14:24 Double-Bit Axe
25:53 Forging
25:45 Scale Mail Armor
32:18 Castle Age
swa-lmhwra
12:10 Feudal Age
16:57 Castle Age
15:33 Double-Bit Axe
22:04 Gold Mining
24:48 Bow Saw
30:51 Imperial Age
29:05 Wheelbarrow
28:19 Loom
29:13 Husbandry
29:37 Forging
29:27 Scale Mail Armor
31:00 Iron Casting
30:33 Scale Barding Armor
31:05 Hand Cart
30:54 Cavalier
31:57 Conscription
34:08 Paladin
42:42 Blast Furnace
42:00 Chain Mail Armor
46:00 Plate Mail Armor
45:55 Chain Barding Armor
Connection lost

Rejoining the realm…

Still unreachable

The connection could not be restored.

Session expired

The server has moved on; the page needs a fresh start.